 Dungeon Crawl Stone Soup version 0.30-a0-34-gbe8da3892a (webtiles) character file.

Game seed: 190266981371028021

743 Pooter the Trooper (level 7, -1/61 HPs)
             Began as a Minotaur Monk on Aug 27, 2022.
             Was a Believer of Makhleb.
             Slain by Joseph
             ... wielding a +0 quarterstaff
              (5 damage)
             ... on level 7 of the Dungeon.
             The game lasted 00:20:04 (5045 turns).

Pooter the Trooper (Minotaur Monk)                  Turns: 5045, Time: 00:20:05

Health: -1/61      AC: 10    Str: 18    XL:     7   Next: 47%
Magic:  7/7        EV: 10    Int:  7    God:    Makhleb [**....]
Gold:   248        SH:  5    Dex: 18    Spells: 6/6 levels left

rFire   . . .      SeeInvis .    a - +0 trident
rCold   . . .      Faith    .    (no shield)
rNeg    . . .      Spirit   .    w - +0 plate armour
rPois   .          Reflect  +    (helmet restricted)
rElec   .          Harm     .    (no cloak)
rCorr   .          Rampage  .    (no gloves)
Will    .....                    (no boots)
Stlth   ..........               x - amulet of reflection
HPRegen 0.20/turn                m - +4 ring of evasion
MPRegen 0.10/turn                t - +6 ring of dexterity

@: no status effects
A: horns 2, retaliatory headbutt
a: Renounce Religion, Minor Destruction


You were on level 7 of the Dungeon.
You worshipped Makhleb.
Makhleb was pleased with you.
You visited 2 branches of the dungeon, and saw 8 of its levels.

You collected 248 gold pieces.

Inventory:

Hand Weapons
 a - a +0 trident (weapon)
   (You found it on level 2 of the Dungeon)
 b - a +0 sling
   (You found it on level 1 of the Dungeon)
 d - a +0 hand axe
 r - a +2 short sword of draining
   (You took it off Robin on level 2 of the Dungeon)
Missiles
 j - 5 poisoned darts (quivered)
 Q - 48 stones
Armour
 k - a +0 pair of gloves
   (You found it on level 1 of the Dungeon)
 w - a +0 plate armour (worn)
   (You found it on level 3 of the Dungeon)
Jewellery
 l - an amulet of magic regeneration
   (You found it on level 1 of the Dungeon)
 m - a +4 ring of evasion (left hand)
   (You found it on level 2 of the Dungeon)
 q - an amulet of faith {!P}
   (You found it on level 2 of the Dungeon)
 t - a +6 ring of dexterity (right hand)
   (You found it on level 4 of the Dungeon)
 x - an amulet of reflection (around neck)
   (You found it on level 4 of the Dungeon)
 y - a ring of ice
   (You found it on level 5 of the Dungeon)
Wands
 s - a wand of polymorph (6)
   (You found it on level 2 of the Dungeon)
Scrolls
 o - a scroll of immolation {!r}
Potions
 c - 2 potions of ambrosia
 e - 2 potions of brilliance {unknown}
 f - a potion of curing {unknown}
 g - a potion of haste {unknown}
 h - 2 potions of flight
 i - 2 potions of attraction {unknown}
 n - a potion of heal wounds {unknown}
Miscellaneous
 p - a piece from Xom's chessboard (14/15)
   (You found it on level 8 of the Dungeon)


   Skills:
 + Level 5.4 Fighting
 - Level 4.8(5.7) Axes
 * Level 4.5(5.5) Polearms
 * Level 4.6 Ranged Weapons
 - Level 3.8 Dodging
 - Level 1.5 Stealth
 * Level 1.3 Invocations
 + Level 2.2 Evocations


You had 6 spell levels left.
You didn't know any spells.
Your spell library contained the following spells:

 Spells                   Type           Power      Damage    Failure   Level
 Poisonous Vapours        Pois/Air       0%         N/A       100%        2
 Corpse Rot               Necr/Pois/Air  0%         N/A       100%        4


Dungeon Overview and Level Annotations

Branches:
Dungeon (8/15)             Temple (1/1) D:5
   Lair: D:8-11

Altars:
Kikubaaqudgha
Makhleb
Nemelex Xobeh
Qazlal
Trog
Uskayaw
Vehumet
Xom
Yredelemnul

Portals:
Sewer: D:5

Annotations:
D:3 3 runed translucent doors, sirJeffrey23's ghost, amateur HOMo
D:7 1 runed translucent door, Crazy Yiuf; Joseph


Innate Abilities, Weirdness & Mutations

You have a pair of horns on your head.
You reflexively headbutt those who attack you in melee.


Message History

The ufetubus hits you but does no damage.
You hit the ufetubus.
The ufetubus hits you but does no damage. x2
You hit the ufetubus but do no damage. The ufetubus barely misses you.
You furiously retaliate!
You headbutt the ufetubus.
You kill the ufetubus!
Makhleb accepts your kill.
You start resting.
Found 3 gold pieces.
Found a dagger.
You now have 248 gold pieces (gained 3).
Joseph, a Mercenary comes into view.
He is wielding a +0 quarterstaff and wearing a +1 ring mail of positive energy.
Joseph shouts!
Joseph unwields a +0 quarterstaff.
Joseph wields a +0 sling.
Joseph shoots a sling bullet.
The sling bullet barely misses you.
You open the door.
There is an open door here.
You close the door.
You start waiting.
Joseph is nearby!
Aim: Joseph, wielding a +0 sling and wearing a +1 ring mail of positive energy Joseph writhes in agony.
An orc comes into view. It is wielding a +2 whip of flaming.
Joseph shoots a sling bullet.
The sling bullet hits you.
The orc shouts!
You hear a croak.
You reach to attack!
You puncture Joseph!
A bullfrog comes into view.
You hit Joseph. Your headbutt misses Joseph.
Joseph unwields a +0 sling.
Joseph wields a +0 quarterstaff.
Joseph barely misses you.
You hit Joseph. You block Joseph's attack.
The bullfrog snags a nearby fly with its tongue.
You puncture Joseph! You headbutt Joseph.
Joseph hits you with a +0 quarterstaff!
You puncture Joseph! Joseph completely misses you.
You hit Joseph but do no damage. You headbutt Joseph!
Joseph hits you with a +0 quarterstaff.
You hit Joseph.
Joseph tries to grin evilly.
Joseph hits you with a +0 quarterstaff!
* * * LOW HITPOINT WARNING * * *
You barely miss Joseph. Joseph hits you with a +0 quarterstaff!
* * * LOW HITPOINT WARNING * * *
You hit Joseph. Joseph hits you with a +0 quarterstaff.
* * * LOW HITPOINT WARNING * * *
You hit Joseph but do no damage. You headbutt Joseph.
Joseph hits you with a +0 quarterstaff!
* * * LOW HITPOINT WARNING * * *
You barely miss Joseph. Your headbutt misses Joseph.
Joseph hits you with a +0 quarterstaff.
You die...

#..............# ##..###
#............#######....#
##....................##..
...@...........##########
## ##.......#............
#.......#.....#######
#.......##+#.....
###.######.##.#### #.
#@##.# #. #@##.# Fo##..
.... .# ..... .......
........ ......####


You could see Joseph, a bullfrog and an orc.

Vanquished Creatures
  A steam dragon (D:7)
  A black bear (D:5)
  A scorpion (D:4)
  A howler monkey (D:4)
  3 hounds (D:4)
  2 orc priests
  A jelly (D:4)
  An iguana (D:4)
  2 orc wizards
  Robin (D:2)
  A gnoll (D:4)
  4 adders
  A shadow imp (D:4)
  A white imp (D:5)
  An ufetubus (D:7)
  3 dart slugs
  7 orcs
  8 endoplasms
  3 giant cockroaches
  4 hobgoblins
  3 quokkas
  6 ball pythons
  6 bats
  A frilled lizard (D:3)
  16 goblins
  11 kobolds
  A rat (D:3)
91 creatures vanquished.

Notes
Turn   | Place    | Note
-------+----------+-------------------------------------------
     0 | D:1      | Pooter the Minotaur Monk began the quest for the Orb.
     0 | D:1      | Reached XP level 1. HP: 19/19 MP: 0/0
   497 | D:1      | Reached XP level 2. HP: 27/27 MP: 1/1
  1296 | D:2      | Reached skill level 4 in Fighting
  1296 | D:2      | Reached XP level 3. HP: 23/33 MP: 2/2
  1453 | D:2      | Noticed Robin
  1460 | D:2      | Reached skill level 1 in Ranged Weapons
  1477 | D:2      | Killed Robin
  1873 | D:2      | Reached XP level 4. HP: 36/38 MP: 3/3
  2139 | D:2      | Noticed Terence
  2140 | D:2      | Noticed Terence
  2140 | D:2      | Terence changed into Terence the dart slug
  2144 | D:2      | Killed Terence the dart slug
  2431 | D:3      | Found a radiant altar of Vehumet.
  2502 | D:3      | Found a runed translucent gate.
  2502 | D:3      | Noticed sirJeffrey23's ghost (amateur HOMo)
  2503 | D:3      | Found a runed translucent gate.
  2504 | D:3      | Found a runed translucent gate.
  2982 | D:4      | Reached skill level 1 in Polearms
  3097 | D:4      | Noticed a scorpion
  3105 | D:4      | Killed a scorpion
  3106 | D:4      | Reached XP level 5. HP: 47/47 MP: 4/4
  3168 | D:4      | Reached skill level 1 in Evocations
  3242 | D:4      | Reached XP level 6. HP: 50/53 MP: 5/5
  3903 | D:4      | Reached skill level 5 in Fighting
  4320 | D:5      | Entered Level 5 of the Dungeon
  4321 | D:5      | Noticed a water moccasin
  4408 | D:5      | Found a staircase to the Ecumenical Temple.
  4427 | D:5      | Reached XP level 7. HP: 42/61 MP: 6/6
  4431 | Temple   | Entered the Ecumenical Temple
  4439 | Temple   | Became a worshipper of Makhleb the Destroyer
  4439 | Temple   | Reached * piety under Makhleb
  4439 | Temple   | Reached ** piety under Makhleb
  4572 | D:5      | Found a glowing drain.
  4577 | D:5      | You fall into a shaft and drop 3 floors!
  4625 | D:8      | Found a shimmering altar of Xom.
  4680 | D:7      | Found a runed translucent door.
  4681 | D:7      | Noticed Crazy Yiuf
  4716 | D:7      | Noticed a steam dragon
  4727 | D:7      | Killed a steam dragon
  4728 | D:7      | Reached skill level 1 in Invocations
  5010 | D:7      | Noticed Joseph
  5045 | D:7      | Slain by Joseph

Illustrated notes

Levels and vault maps discovered:
D:1:      shiori_arrival_elements, layout_basic, grunt_decor_fettered
D:2:      layout_basic, uniq_terence, uniq_robin
D:3:      layout_loops_cross, nicolae_vehumet_altar_sigil,
          biasface_ghost_orc_armoury
D:4:      layout_layer_cave
D:5:      layout_basic, mainiacjoe_overflow_chevrons,
          minmay_temple_entry_stoned_glass, gup_sewer_entry_glass
D:7:      gammafunk_beogh_shrine, layout_basic,
          grunt_temple_overflow_gold_and_silver,
          mainiacjoe_overflow_surrounded_room, uniq_maggie,
          uniq_crazy_yiuf_cottage, uniq_joseph
D:8:      layout_loops_ring, xom_butterflies,
          mainiacjoe_overflow_small_starburst, minmay_misc_feat_columns,
          nicolae_diode_quadrants
Temple:   nicolae_temple_little_seven

Skill      XL: |  1  2  3  4  5  6  7 |
---------------+----------------------+-----
Axes           | 4 |  4.8
Fighting       | 4 5 |  5.4
Ranged Weapons | 1 2 3 4 |  4.6
Polearms       | 2 4 |  4.5
Evocations     | 1 2 |  2.2
Invocations    | 1 |  1.3
Dodging        | |  3.8
Stealth        | |  1.5

Action                   |  1- 3 |  4- 6 |  7- 9 || total
-------------------------+-------+-------+-------++-------
Melee: Spear             |    33 |       |       ||    33
       Hand axe          |    38 |       |       ||    38
       Headbutt          |     7 |    22 |     7 ||    36
       Short sword       |     4 |    10 |       ||    14
       Trident           |       |    78 |    38 ||   116
 Fire: Sling             |    18 |    32 |       ||    50
Throw: Stone             |     1 |       |       ||     1
       Dart              |       |     6 |       ||     6
Invok: Minor Destruction |       |       |     1 ||     1
Evoke: Wand              |       |     4 |     1 ||     5
       Piece from Xom's  |       |       |     2 ||     2
  Use: Scroll            |       |     1 |     5 ||     6
 Stab: Sleeping          |     1 |       |       ||     1
Armor: Robe              |    11 |       |       ||    11
       Chain mail        |       |     9 |       ||     9
       Ring mail         |       |     2 |       ||     2
       Plate armour      |       |    30 |    22 ||    52
Dodge: Dodged            |    43 |    53 |    31 ||   127
Block: Other             |       |    15 |    12 ||    27

Table legend: (Time is in decaauts)
 A = Elapsed time spent in this place.
 B = Non-inter-level travel time spent in this place.
 C = Inter-level travel time spent in this place.
 D = Time resting spent in this place.
 E = Time spent auto-exploring this place.
 F = Levels seen in this place.
 G = Mean time per level.
                   A        B        C        D        E       F      G
               +--------+--------+--------+--------+--------+-----+--------+
         Total |   5068 |   4958 |    110 |    885 |   3187 |   8 |  633.5 |
       Dungeon |   4978 |   4868 |    110 |    812 |   3187 |   7 |  711.1 |
        Temple |     89 |     89 |      0 |     73 |      0 |   1 |   89.0 |
               +--------+--------+--------+--------+--------+-----+--------+

Top non-repeatable levels by time:
     D:4: 1399 daAuts
     D:1: 1274 daAuts
     D:2: 1016 daAuts
     D:3: 694 daAuts
     D:7: 411 daAuts
     D:5: 125 daAuts
  Temple: 89 daAuts
     D:8: 56 daAuts
